 Dungeon Crawl Stone Soup version 0.29.1-15-g9cfb28693d (webtiles) character file.

Game seed: 13982502749320112822

520 protoss039 the Digger (level 7, -5/52 HPs)
             Began as a Demonspawn Earth Elementalist on Mar 28, 2023.
             Slain by Duvessa
             ... wielding a +0 rapier
              (8 damage)
             ... on level 4 of the Dungeon.
             The game lasted 00:05:52 (4670 turns).

protoss039 the Digger (DsEE)                        Turns: 4670, Time: 00:05:53

Health: -5/52      AC: 15    Str:  8    XL:     7   Next: 1%
Magic:  4/12       EV: 10    Int: 18    God:
Gold:   253        SH:  0    Dex: 14    Spells: 4/13 levels left

rFire   . . .      SeeInvis .   p - +0 spear
rCold   . . .      Faith    .   (no shield)
rNeg    . . .      Spirit   .   A - +3 ring mail {rPois}
rPois   +          Reflect  .   k - +0 helmet
rElec   .          Harm     .   l - +2 cloak
rCorr   .          Rampage  .   (no gloves)
Will    .....                   (no boots)
Stlth   +.........              (no amulet)
HPRegen 0.17/turn               (no ring)
MPRegen 0.13/turn               (no ring)

@: no status effects
A: hooves 1, thin metallic scales 2
a: no special abilities


You were on level 4 of the Dungeon.
You visited 1 branch of the dungeon, and saw 4 of its levels.
You also visited: Ossuary.

You collected 253 gold pieces.

Inventory:

Hand Weapons
 p - a +0 spear (weapon)
Missiles
 c - 10 poisoned darts (quivered)
 y - 2 atropa-tipped darts
Armour
 k - a +0 helmet (worn)
 l - a +2 cloak (worn)
 A - a +3 ring mail of poison resistance (worn)
Wands
 x - a wand of charming (13)
Scrolls
 a - a scroll of immolation {unknown}
 d - a scroll of fog {unknown}
 e - 4 scrolls of teleportation {unknown}
 f - 2 scrolls of summoning {unknown}
 h - a scroll of magic mapping {unknown}
 i - 2 scrolls of poison {unknown}
 n - a scroll of fear {unknown}
 s - 2 scrolls of noise {unknown}
 u - a scroll of amnesia {unknown}
 z - a scroll of identify {unknown}
Potions
 b - 2 potions of magic
 g - 2 potions of berserk rage {unknown}
 j - 3 potions of attraction {unknown}
 m - 2 potions of curing {unknown}
 o - a potion of heal wounds {unknown}
 q - 3 potions of might {unknown}
 r - 4 potions of mutation {unknown}
 t - 3 potions of lignification {unknown}
 v - 2 potions of haste {unknown}
 w - 2 potions of brilliance {unknown}


   Skills:
 + Level 3.5 Fighting
 * Level 0.3 Throwing
 * Level 1.7 Armour
 - Level 1.7 Dodging
 * Level 2.0 Stealth
 + Level 3.9 Spellcasting
 + Level 1.1 Conjurations
 - Level 1.0 Transmutations
 * Level 0.4 Air Magic
 + Level 4.2 Earth Magic
 * Level 0.4 Poison Magic
 * Level 0.4 Evocations


You had 4 spell levels left.
You knew the following spells:

 Your Spells              Type           Power      Damage    Failure   Level
a - Sandblast             Erth           36%        2d10      8%          1
b - Passwall              Tmut/Erth      10%        N/A       22%         2
c - Stone Arrow           Conj/Erth      26%        3d8       41%         3
d - Mephitic Cloud        Conj/Pois/Air  6%         N/A       69%         3

Your spell library contained the following spells:

 Spells                   Type           Power      Damage    Failure   Level
 Slow                     Hex            12%        N/A       41%         1
 Summon Small Mammal      Summ           12%        N/A       41%         1
 Ignite Poison            Fire/Tmut/Pois 5%         N/A       73%         3
 Call Canine Familiar     Summ           3%         N/A       80%         3
 Confusing Touch          Hex            3%         N/A       80%         3
 Summon Guardian Golem    Hex/Summ       3%         N/A       80%         3
 Vampiric Draining        Necr           3%         2d6       80%         3
 Petrify                  Tmut/Erth      13%        N/A       83%         4
 Animate Armour           Summ/Erth      22%        N/A       88%         4
 Blade Hands              Tmut           3%         N/A       100%        5
 Freezing Cloud           Conj/Ice/Air   2%         6-21      100%        5
 Iron Shot                Conj/Erth      6%         9d2       100%        6


Dungeon Overview and Level Annotations

Branches:
Dungeon (4/15) Zot: 19852 Ossuary (visited)
 Temple: D:4-7

Altars:

Annotations:
D:4 Duvessa


Innate Abilities, Weirdness & Mutations

You have large cloven feet.
You are mostly covered in thin metallic scales. (AC +3)


Message History

Aiming: Sandblast (safe; 8% risk of failure)
Press: ? - help, Shift-Dir - straight line, f/p - Duvessa
Aim: Duvessa, wielding a +0 rapier and wearing a +0 leather armour (severely wounded, berserk, poisoned, 84% to hit)
The blast of sand hits Duvessa.
Duvessa is severely wounded.
Duvessa hits you but does no damage. Duvessa hits you with a +0 rapier.
Unknown command.
Casting: Sandblast (safe; 8% risk of failure)
Confirm with . or Enter, or press ? or * to list all spells.
Aiming: Sandblast (safe; 8% risk of failure)
Press: ? - help, Shift-Dir - straight line, f/p - Duvessa
Aim: Duvessa, wielding a +0 rapier and wearing a +0 leather armour (severely wounded, berserk, poisoned, 84% to hit)
The blast of sand hits Duvessa!
Duvessa is almost dead.
Duvessa barely misses you. Duvessa hits you with a +0 rapier!
* * * LOW HITPOINT WARNING * * *
Duvessa barely misses you.
Unknown command.
Casting: Sandblast (safe; 8% risk of failure)
Confirm with . or Enter, or press ? or * to list all spells.
Aiming: Sandblast (safe; 8% risk of failure)
Press: ? - help, Shift-Dir - straight line, f/p - Duvessa
Aim: Duvessa, wielding a +0 rapier and wearing a +0 leather armour (almost dead, berserk, poisoned, 84% to hit)
The blast of sand hits Duvessa but does no damage.
Duvessa is almost dead.
Duvessa hits you but does no damage. Duvessa hits you with a +0 rapier.
* * * LOW HITPOINT WARNING * * *
Unknown command.
Casting: Sandblast (safe; 8% risk of failure)
Confirm with . or Enter, or press ? or * to list all spells.
Aiming: Sandblast (safe; 8% risk of failure)
Press: ? - help, Shift-Dir - straight line, f/p - Duvessa
Aim: Duvessa, wielding a +0 rapier and wearing a +0 leather armour (almost dead, berserk, poisoned, 84% to hit)
The blast of sand hits Duvessa.
Duvessa is almost dead.
The hound barks!
Duvessa hits you with a +0 rapier!
* * * LOW HITPOINT WARNING * * *
Duvessa hits you with a +0 rapier!
You die...

##.##.# ##'## #.######.#.#
##.##.# #.# #.# ..#
##.##.# #.# #.###.##.###
......# ##.####........
##.#.## ##.......###.###
#.#.########.....##.###.#
##...............#.......#
.....##.##.##.#..#.#.#####
#######.##.##.#e@....#
#.##.....)...###
#.#####.#.#### #.......#.#
#########.# #######h#
........# ######..# .....


You could see Duvessa (berserk, poisoned) and a hound.

Vanquished Creatures
  An elf skeleton (D:4)
  2 water moccasin zombies (Ossuary)
  4 human skeletons (D:4)
  2 mummies (Ossuary)
  An adder (D:2)
  6 adder zombies (Ossuary)
  A worm (D:3)
  2 dart slugs
  An orc (D:3)
  5 endoplasms
  5 giant cockroaches
  10 goblins
  6 hobgoblins
  3 quokkas
  6 ball pythons
  6 bats
  3 frilled lizards
  5 gnoll zombies (Ossuary)
  9 hobgoblin zombies (Ossuary)
  4 kobolds
  4 kobold zombies (Ossuary)
  An orc skeleton (D:4)
  4 orc zombies (Ossuary)
  6 rats
97 creatures vanquished.

Vanquished Creatures (collateral kills)
  A scorpion (D:4)
  Dowan (D:4)
2 creatures vanquished.

Grand Total: 99 creatures vanquished

Notes
Turn   | Place    | Note
-------+----------+-------------------------------------------
     0 | D:1      | protoss039 the Demonspawn Earth Elementalist began the
                  | quest for the Orb.
     0 | D:1      | Reached XP level 1. HP: 13/13 MP: 3/3
   468 | D:1      | Gained mutation: You are partially covered in thin metallic
                  | scales. (AC +2) [demonic ancestry]
   468 | D:1      | Reached XP level 2. HP: 20/20 MP: 3/5
   630 | D:1      | Reached skill level 1 in Fighting
   684 | D:1      | Reached skill level 3 in Earth Magic
   956 | D:1      | Found a faded altar of an unknown god.
  1307 | D:1      | Learned a level 2 spell: Passwall
  1464 | D:2      | Reached XP level 3. HP: 26/26 MP: 2/6
  2336 | D:2      | Learned a level 3 spell: Stone Arrow
  2582 | D:3      | Reached XP level 4. HP: 33/33 MP: 5/8
  3155 | D:4      | Found a sand-covered staircase.
  3205 | D:4      | Gained mutation: You have large cloven feet. [demonic
                  | ancestry]
  3205 | D:4      | Reached XP level 5. HP: 35/39 MP: 3/9
  3287 | D:4      | Reached skill level 4 in Earth Magic
  3370 | Ossuary  | Entered an ossuary
  3594 | Ossuary  | Reached XP level 6. HP: 46/47 MP: 1/11
  3726 | Ossuary  | Reached skill level 1 in Armour
  3832 | Ossuary  | Reached skill level 1 in Conjurations
  4150 | D:4      | Learned a level 3 spell: Mephitic Cloud
  4527 | D:4      | Noticed Dowan
  4620 | D:4      | Noticed Duvessa
  4630 | D:4      | Killed Dowan
  4631 | D:4      | Reached skill level 1 in Transmutations
  4640 | D:4      | Gained mutation: You are mostly covered in thin metallic
                  | scales. (AC +3) [demonic ancestry]
  4640 | D:4      | Reached XP level 7. HP: 41/52 MP: 12/12
  4670 | D:4      | Slain by Duvessa

Illustrated notes

Levels and vault maps discovered:
D:1:      zelgadis_glass_arrival_small, layout_basic,
          dreamdust_ecumenical_altar_angels_and_demons
D:2:      layout_loops_corners
D:3:      layout_loops_ring
D:4:      layout_loops_corners, nicolae_ossuary_entry_catacombs, uniq_duvessa

Skill      XL: |  1  2  3  4  5  6 |
---------------+-------------------+-----
Fighting       | 1 2 3 |  3.5
Earth Magic    | 3 4 |  4.2
Spellcasting   | 3 |  3.9
Armour         | 1 |  1.7
Conjurations   | 1 |  1.1
Transmutations | 1 |  1.0
Stealth        | 2 |  2.0
Throwing       | |  0.3
Dodging        | |  1.7
Air Magic      | |  0.4
Poison Magic   | |  0.4
Evocations     | |  0.4

Action                   |  1- 3 |  4- 6 |  7- 9 || total
-------------------------+-------+-------+-------++-------
Melee: Dagger            |    17 |       |       ||    17
       Spear             |    21 |    21 |       ||    42
       Punch             |     1 |       |       ||     1
       Kick              |       |     4 |       ||     4
 Cast: Sandblast         |    66 |    93 |     6 ||   165
       Stone Arrow       |       |       |     1 ||     1
Evoke: Wand              |       |     1 |       ||     1
 Stab: Sleeping          |     1 |     2 |       ||     3
Armor: Robe              |     6 |       |       ||     6
       Leather armour    |    22 |    19 |       ||    41
       Ring mail         |       |     6 |     4 ||    10
Dodge: Dodged            |    43 |    38 |     4 ||    85
